 Dungeon Crawl Stone Soup version 0.28.0-53-g5a82cb258f (webtiles) character file.

Game seed: 5656319666675914348

16097 Zeld the Fighter (level 12, 0/117 HPs)
             Began as a Minotaur Berserker on May 23, 2022.
             Was an Elder of Trog.
             Succumbed to a green death's poison gas
             ... in a Gauntlet.
             The game lasted 00:15:09 (21472 turns).

Zeld the Fighter (Minotaur Berserker)              Turns: 21472, Time: 00:15:09

Health: 0/117      AC: 20    Str: 24 (26) XL:     12   Next: 7%
Magic:  11/11      EV:  9    Int:  1 (4)  God:    Trog [****..]
Gold:   778        SH:  0    Dex:  8 (11) Spells: 11/11 levels left

rFire   . . .      SeeInvis .   a - +2 hand axe (vorpal)
rCold   . . .      Faith    .   (no shield)
rNeg    . . .      Spirit   .   F - +0 plate armour
rPois   .          Reflect  .   (helmet restricted)
rElec   .          Harm     .   p - +2 cloak
rCorr   .          Rampage  .   j - +0 pair of gloves
Will    ++...      NoTele   +   x - +0 pair of boots
Stlth   ..........              (no amulet)
HPRegen 1.29/turn               (no ring)
MPRegen 0.12/turn               (no ring)

@: brilliant, lethally poisoned (0 -> -10), weakened, strong-willed, on berserk
cooldown, regenerating, slowed, very slow
A: horns 2, retaliatory headbutt
a: Renounce Religion, Berserk, Trog's Hand, Brothers in Arms


You were in a Gauntlet.
You worshipped Trog.
Trog was greatly pleased with you.
You visited 2 branches of the dungeon, and saw 13 of its levels.
You also visited: Gauntlet.

You collected 778 gold pieces.

Inventory:

Hand Weapons
 a - a +2 vorpal hand axe (weapon)
Missiles
 r - 88 bolts
Armour
 j - a +0 pair of gloves (worn)
 p - a +2 cloak (worn)
 x - a +0 pair of boots (worn)
 F - a +0 plate armour (worn)
Jewellery
 i - the amulet of Temperance {Faith Harm Will+}
   (You found it in a Gauntlet)

   [amulet of faith]

   It allows you to gain divine favour quickly.
   Harm:      It increases damage dealt and taken.
   Will:      It increases your willpower.
 l - a ring of protection from fire
Wands
 o - a wand of acid (5)
 z - a wand of mindburst (7)
 D - a wand of iceblast (5)
 E - a wand of digging (9)
Scrolls
 c - 8 scrolls of teleportation
 e - 2 scrolls of enchant armour
 h - 2 scrolls of magic mapping
 m - a scroll of fear {unknown}
 n - 2 scrolls of brand weapon
 q - 2 scrolls of enchant weapon
 u - 5 scrolls of blinking
 I - 2 scrolls of summoning
Potions
 b - a potion of degeneration
 d - a potion of invisibility {unknown}
 f - 4 potions of brilliance
 g - a potion of ambrosia {unknown}
 k - 3 potions of resistance {unknown}
 s - a potion of haste {unknown}
 t - a potion of flight {unknown}
 A - 2 potions of heal wounds {unknown}
 B - a potion of curing {unknown}
 C - a potion of might {unknown}
 G - a potion of mutation {unknown}
 H - a potion of lignification {unknown}
 J - a potion of magic {unknown}


   Skills:
 * Level 14.1 Fighting
 * Level 14.0 Axes
 + Level 10.0 Armour
 + Level 9.2 Dodging


You had 11 spell levels left.
You didn't know any spells.
Your spell library was empty.

Dungeon Overview and Level Annotations

Branches:
Dungeon (12/15)            Temple (1/1) D:7            Lair (0/6) D:9
    Orc (0/2) D:12        Gauntlet (1/1)

Altars:
Ashenzari
Cheibriados
Dithmenos
Elyvilon
Fedhas
Gozag
Hepliaklqana
Kikubaaqudgha
Makhleb
Nemelex Xobeh
Okawaru
Qazlal
Ru
Sif Muna
Trog
Uskayaw
Vehumet
Wu Jian
Xom
Yredelemnul
Zin
The Shining One

Shops:
D:2 (

Annotations:
Gauntlet 10 transporters, 21 runed translucent doors


Innate Abilities, Weirdness & Mutations

You have a pair of horns on your head.
You reflexively headbutt those who attack you in melee.


Message History

You slash the green death!
The green death is almost dead.
You feel extremely sick.
You barely miss the green death. You headbutt the green death.
You kill the green death!
Trog accepts your kill.
You feel very sick.
Your Axes skill increases to level 14!
Your Armour skill increases to level 10!
Unknown command.
Really walk into that cloud of poison gas?
Okay, then.
There is a lethal amount of poison in your body!
There is a lethal amount of poison in your body!
You are too berserk!
Unknown command.
You feel extremely sick.
You feel a strong urge to attack something.
* * * LOW HITPOINT WARNING * * *
You feel extremely sick.
You are no longer berserk.
You are exhausted.
You feel yourself slow down.
* * * LOW HITPOINT WARNING * * *
You feel extremely sick.
Unknown command.
Your skin crawls.
You feel strong-willed.
* * * LOW HITPOINT WARNING * * *
You feel extremely sick.
Unknown command.
It was a potion of brilliance.
You feel clever all of a sudden.
* * * LOW HITPOINT WARNING * * *
You feel extremely sick.
Unknown command.
It was a potion of degeneration.
There was something very wrong with that liquid.
You feel weakened.
You feel dopey.
You feel clumsy.
You die...

#..#.#.#.#.#.#.#...#.≈^≈≈.^..
###..#§#..#.©.#.©#...#©..≈.^≈≈.
#8#..###.#.#.#.#.#...#w.^≈≈.≈.≈
###....#..#.#.#..#...#≈.≈..≈..≈
#....#.#.#.#.#.#...#.≈≈≈.^≈≈.
###..#.........#...#$^..≈≈...
#8#..###########...##########
###........#©#.......#©#.....
#≈.......#@#..≈∩≈..#.#.....
##########.#########.###### 8#
≈...............≈# ##
#8.8.8.8.8.8.8.8.8#
#≈...............≈#
#####.###.###.##### #.# #.# .#
.. ... ..


There were no monsters in sight!

Vanquished Creatures
  A green death (Gauntlet)
  6 two-headed ogres
  Pikel (D:9)
  A cyclops (D:10)
  A manticore (D:11)
  An orange demon (Gauntlet)
  The ghost of Zeld the Thaumaturge, a novice DEFE (D:5)
  A troll (D:11)
  A queen bee (Gauntlet)
  2 hornets (D:9)
  5 shadows
  A wraith (D:9)
  A basilisk (D:12)
  13 yaks
  2 wyverns
  2 steam dragons (D:8)
  6 water moccasins
  2 acid dragons
  2 hornet zombies
  4 orc warriors
  4 ice beasts
  2 necrophages
  6 ogres
  2 wolves (D:8)
  2 centaurs
  A lemure (D:9)
  A kobold brigand (D:11)
  2 phantoms (D:5)
  3 bullfrogs
  A wyvern zombie (D:9)
  2 scorpions
  3 water moccasin skeletons
  13 killer bees
  2 electric eels (D:8)
  A howler monkey (D:5)
  5 centaur zombies
  2 hounds (D:7)
  10 orc priests
  A wyvern simulacrum (D:8)
  2 bullfrog zombies
  3 jellies
  2 centaur skeletons
  A bullfrog skeleton (D:5)
  8 orc wizards
  2 hell rats (D:8)
  An iguana (D:5)
  The ghost of Meoward07 the Cudgeller, a weakling TrBe of Wu Jian (D:3)
  A hound skeleton (D:4)
  A killer bee simulacrum (D:8)
  2 howler monkey zombies
  Robin (D:4)
  3 gnolls (D:4)
  6 adders
  10 river rats (D:8)
  A howler monkey skeleton (D:7)
  2 hound simulacra (D:3)
  4 white imps
  2 howler monkey simulacra (D:8)
  An ufetubus (D:5)
  An adder simulacrum (D:3)
  A dart slug (D:3)
  24 orcs
  5 bats
  10 endoplasms
  6 giant cockroaches
  24 goblins
  10 hobgoblins
  5 jackals
  11 kobolds
  8 quokkas
  4 ball pythons
  6 frilled lizards
  A giant cockroach simulacrum (D:3)
  A quokka simulacrum (D:3)
  18 rats
306 creatures vanquished.

Vanquished Creatures (others)
  An orc (D:8)
  2 quokkas (D:8)
  5 rats (D:8)
  3 plants
  5 withered plants (D:8)
16 creatures vanquished.

Grand Total: 322 creatures vanquished

Notes
Turn   | Place    | Note
-------+----------+-------------------------------------------
     0 | D:1      | Zeld the Minotaur Berserker began the quest for the Orb.
     0 | D:1      | Reached XP level 1. HP: 19/19 MP: 0/0
   359 | D:1      | Reached XP level 2. HP: 27/27 MP: 1/1
   605 | D:1      | Found a faded altar of an unknown god.
  1040 | D:1      | Reached XP level 3. HP: 31/33 MP: 2/2
  1154 | D:2      | Reached ** piety under Trog
  1366 | D:2      | Reached XP level 4. HP: 41/41 MP: 3/3
  1574 | D:2      | Found Xopav's Weapon Boutique.
  1931 | D:3      | Found a radiant altar of Vehumet.
  1982 | D:3      | Found a runed translucent gate.
  1982 | D:3      | Found a runed translucent gate.
  1984 | D:3      | Found a runed translucent gate.
  2088 | D:3      | Found a sparkling altar of Nemelex Xobeh.
  2333 | D:3      | Noticed Meoward07's ghost (weakling TrBe)
  2603 | D:4      | Noticed an ogre
  2952 | D:3      | HP: 2/41 [adder (3)]
  2957 | D:3      | HP: 2/41 [poisoned by an adder]
  3180 | D:4      | Killed an ogre
  3181 | D:4      | Reached skill level 5 in Fighting
  3181 | D:4      | Reached skill level 5 in Axes
  3181 | D:4      | Reached XP level 5. HP: 48/48 MP: 4/4
  3220 | D:4      | Found a basalt altar of Yredelemnul.
  3249 | D:4      | HP: 2/48 [gnoll/+0 flail (6)]
  3299 | D:4      | Reached XP level 6. HP: 11/56 MP: 5/5
  3736 | D:4      | Identified the -4 helmet of Cantiosa {Int+5 Dex+3 Stlth-}
  3736 | D:4      | Noticed Robin
  3738 | D:4      | Reached *** piety under Trog
  3747 | D:4      | Killed Robin
  5098 | D:3      | Killed Meoward07's ghost
  5399 | D:5      | Entered Level 5 of the Dungeon
  5413 | D:5      | Reached XP level 7. HP: 9/64 MP: 6/6
  7026 | D:5      | Reached skill level 5 in Armour
  7108 | D:5      | Reached XP level 8. HP: 68/73 MP: 7/7
  7179 | D:5      | Found a transporter.
  7179 | D:5      | Identified the +9 dire flail of Sois {protect, Fragile
                  | Str+3 Dex+3 Stlth+}
  7179 | D:5      | Noticed Zeld's ghost (novice DEFE)
  7250 | D:5      | Found a transporter.
  8294 | D:5      | Found a transporter.
  8432 | D:5      | Found a transporter.
  8617 | D:5      | Killed Zeld's ghost
  8618 | D:5      | Reached skill level 5 in Dodging
  9162 | D:6      | Reached XP level 9. HP: 64/83 MP: 8/8
 10242 | D:7      | Found a staircase to the Ecumenical Temple.
 10263 | Temple   | Entered the Ecumenical Temple
 10605 | D:7      | Reached **** piety under Trog
 10902 | D:7      | Found a shimmering blue altar of Sif Muna.
 11407 | D:7      | Found a large runed translucent door.
 11408 | D:7      | Found a large runed translucent door.
 11420 | D:7      | Reached skill level 10 in Fighting
 11420 | D:7      | Reached skill level 10 in Axes
 11530 | D:7      | Found a burning altar of Makhleb.
 11845 | D:7      | Found a shadowy altar of Dithmenos.
 11858 | D:7      | Found a bloodstained altar of Trog.
 12535 | D:8      | Reached XP level 10. HP: 46/94 MP: 9/9
 12925 | D:8      | Found an opulent altar of Gozag.
 13707 | D:8      | Noticed a two-headed ogre
 13725 | D:8      | Killed a two-headed ogre
 13757 | D:8      | Identified the +1 leather armour of Duty {Rampage}
 14068 | D:9      | Paralysed by a hornet for 3 turns
 14399 | D:9      | Found a flagged portal.
 14720 | D:8      | Reached ***** piety under Trog
 15238 | D:8      | Found a blossoming altar of Fedhas.
 15242 | D:8      | Found an ancient bone altar of Kikubaaqudgha.
 15721 | D:9      | Found a staircase to the Lair.
 16700 | D:9      | Noticed a lindwurm
 16702 | D:9      | Noticed a lindwurm
 17172 | D:9      | Noticed a lindwurm
 17174 | D:9      | Noticed a lindwurm
 17496 | D:9      | Noticed a two-headed ogre
 17560 | D:9      | Killed a two-headed ogre
 17561 | D:9      | Reached XP level 11. HP: 82/105 MP: 10/10
 17921 | D:9      | Noticed Pikel
 17933 | D:9      | Killed Pikel
 18129 | D:10     | Entered Level 10 of the Dungeon
 18628 | D:10     | Found a stormy altar of Qazlal.
 18757 | D:10     | Found a shimmering altar of Xom.
 18837 | D:10     | Noticed a two-headed ogre
 18845 | D:10     | Killed a two-headed ogre
 19037 | D:10     | Found a sacrificial altar of Ru.
 19489 | D:11     | Noticed a two-headed ogre
 19496 | D:11     | Killed a two-headed ogre
 20165 | D:11     | Noticed a two-headed ogre
 20176 | D:11     | Killed a two-headed ogre
 20458 | D:12     | Noticed a two-headed ogre
 20464 | D:12     | Killed a two-headed ogre
 20544 | D:12     | Found a gate leading to a gauntlet.
 20548 | Gauntlet | Entered a Gauntlet
 20548 | Gauntlet | Found a transporter.
 20548 | Gauntlet | Found a transporter.
 20552 | Gauntlet | Found a transporter.
 20552 | Gauntlet | Found a transporter.
 20561 | Gauntlet | Found a transporter.
 20572 | Gauntlet | Noticed a death scarab
 20574 | Gauntlet | Found a transporter.
 20579 | Gauntlet | Noticed a green death
 20582 | Gauntlet | Found a transporter.
 20582 | Gauntlet | Found a transporter.
 20583 | Gauntlet | Noticed a five-headed hydra
 20585 | Gauntlet | Found a transporter.
 20612 | Gauntlet | Found a transporter.
 20619 | Gauntlet | Found a transporter.
 20665 | Gauntlet | Found a transporter.
 20674 | Gauntlet | Found a transporter.
 20692 | Gauntlet | Found a transporter.
 20791 | Gauntlet | Found a transporter.
 20793 | Gauntlet | Found a large runed translucent door.
 20793 | Gauntlet | Found a large runed translucent door.
 20794 | Gauntlet | Found a large runed translucent door.
 20794 | Gauntlet | Found a large runed translucent door.
 20795 | Gauntlet | Found a runed translucent door.
 20795 | Gauntlet | Found a large runed translucent door.
 20795 | Gauntlet | Found a large runed translucent door.
 20795 | Gauntlet | Found a runed translucent door.
 20795 | Gauntlet | Found a large runed translucent door.
 20795 | Gauntlet | Found a large runed translucent door.
 20796 | Gauntlet | Found a large runed translucent door.
 20796 | Gauntlet | Found a large runed translucent door.
 20799 | Gauntlet | Found a large runed translucent door.
 20799 | Gauntlet | Found a large runed translucent door.
 20801 | Gauntlet | Found a large runed translucent door.
 20801 | Gauntlet | Found a large runed translucent door.
 20801 | Gauntlet | Found a large runed translucent door.
 20803 | Gauntlet | Found a runed translucent gate.
 20803 | Gauntlet | Found a runed translucent gate.
 20803 | Gauntlet | Found a runed translucent gate.
 20805 | Gauntlet | Found a transporter.
 20816 | Gauntlet | Found a large runed translucent door.
 21447 | Gauntlet | Identified the amulet of Temperance {Faith Harm Will+}
 21458 | Gauntlet | Reached XP level 12. HP: 117/117 MP: 11/11
 21466 | Gauntlet | Killed a green death
 21467 | Gauntlet | Reached skill level 10 in Armour
 21471 | Gauntlet | HP: 5/117 [poisoned by a green death (poison gas)]
 21472 | Gauntlet | Succumbed to a green death's poison gas

Illustrated notes

Levels and vault maps discovered:
D:1:      ncdulo_wetmaze, layout_basic, chequers_ecumenical_altar_lobes,
          minmay_tripent
D:2:      layout_rooms, serial_shops, shop
D:3:      layout_loops_ring, nicolae_vehumet_radiance,
          mainiacjoe_overflow_paths, gammafunk_ghost_icy
D:4:      kennysheep_goblin_castle, layout_basic, mainiacjoe_overflow_brackets
D:5:      layout_rooms, gammafunk_ghost_smash,
          minmay_a_box_with_orc_wizards_in_it
D:6:      layout_layer_cave
D:7:      layout_cave_pools, mainiacjoe_overflow_concentric_impassable,
          makhleb_heckhound_becter, jmf_multi_god_temple2,
          minmay_temple_entry_statues_pillars, st_stairs_6, minmay_puff
D:8:      lemuel_ratsnest, layout_basic, grunt_temple_overflow_growth_and_decay,
          nicolae_gozag_seed_capital, serial_ice, serial_ice_d, serial_ice_i,
          serial_ice_a, serial_ice_c
D:9:      layout_basic, lair_entry_dummy, enter_bailey_6, minmay_lindwurm_lava,
          uniq_pikel
D:10:     layout_small_grid, nicolae_qazlal_general_emergency,
          old_standard_altar, mainiacjoe_overflow_24_doors
D:11:     layout_gridville, kennysheep_decorative_pillar
D:12:     evilmike_diamond_2, layout_loops_corners, orc_0_dummy,
          gauntlet_entry_generic, minivault_16, nicolae_uskayaw_suspiria,
          uniq_nessos
Temple:   kb_temple_of_zot
Gauntlet: gammafunk_gauntlet_branching [gammafunk_gauntlet_arena_split_x,
          gammafunk_gauntlet_arena_split_diamond,
          gammafunk_gauntlet_arena_crates, gammafunk_gauntlet_arena_teeth,
          nicolae_gauntlet_arena_blocks,
          minmay_gauntlet_arena_make_your_own_arena,
          gammafunk_gauntlet_arena_grid, nicolae_gauntlet_arena_flowing_pool,
          gauntlet_exit_watery]

Skill      XL: |  1  2  3  4  5  6  7  8  9 10 11 12 |
---------------+-------------------------------------+-----
Fighting       | 4 5 6 7 9 10 12 14 | 14.1
Axes           | 4 5 6 7 8 10 12 13 14 | 14.0
Armour         | 3 4 5 6 7 8 9 10 | 10.0
Dodging        | 3 4 5 6 8 9 |  9.2

Action                   |  1- 3 |  4- 6 |  7- 9 | 10-12 || total
-------------------------+-------+-------+-------+-------++-------
Melee: Hand axe          |    74 |   127 |   255 |   445 ||   901
       Headbutt          |     9 |    17 |    47 |    83 ||   156
       Punch             |     1 |       |     4 |     9 ||    14
Invok: Berserk           |       |     1 |     1 |     7 ||     9
       Trog's Hand       |       |     1 |       |     1 ||     2
Evoke: Wand              |       |       |       |     4 ||     4
  Use: Scroll            |       |       |     1 |    12 ||    13
       Potion            |       |       |       |     2 ||     2
 Stab: Sleeping          |     1 |     1 |     3 |       ||     5
Armor: Animal skin       |    14 |    29 |    70 |    58 ||   171
       Plate armour      |       |       |       |    67 ||    67
Dodge: Dodged            |    54 |    83 |   162 |   230 ||   529
